 Dungeon Crawl Stone Soup version 0.23-a0-536-g5e0f5a2 (webtiles) character file.

12698 zishaf the Geomancer (level 12, -4/90 (94) HPs)
             Began as a Formicid Earth Elementalist on Dec 6, 2018.
             Was a High Priest of Okawaru.
             Slain by a blink frog (17 damage)
             ... on level 8 of the Dungeon.
             The game lasted 00:45:44 (16605 turns).

zishaf the Geomancer (Formicid Earth Elementalist) Turns: 16605, Time: 00:45:45

HP:   -4/90 (94)    AC:  9    Str: 17    XL:     12   Next: 23%
MP:   4/18          EV: 15    Int: 24    God:    Okawaru [*****.]
Gold: 448           SH:  0    Dex: 11    Spells: 5/19 levels left

rFire    + . .     SeeInvis +   a - +6 flail of Mandamus {drain, Str+3}
rCold    . . .     Gourm    .   (no shield)
rNeg     . . .     Faith    .   R - +1 robe {rF+}
rPois    +         Spirit   .   (helmet unavailable)
rElec    .         Reflect  .   k - +2 cloak {rPois}
rCorr    .         Harm     .   u - +0 pair of gloves
MR       +....                  (no boots)
Stlth    ++++......             (no amulet)
HPRegen  0.25/turn              l - ring of wizardry
MPRegen  0.16/turn              D - +5 ring of intelligence

@: heroism, finesse
A: permanent stasis, dig shafts and tunnels, four strong arms, antennae 3
a: Dig, Shaft Self, Heroism, Finesse, Renounce Religion


You were on level 8 of the Dungeon.
You worshipped Okawaru.
Okawaru was extremely pleased with you.
You were near starving.

You visited 3 branches of the dungeon, and saw 12 of its levels.
You also visited: Sewer and Bailey.

You collected 448 gold pieces.

Inventory:

Hand Weapons
 a - the +6 flail of Mandamus (weapon) {drain, Str+3}
   (You found it on level 6 of the Dungeon)

   A truly terrible weapon, it drains the life of those it strikes.
   It affects your strength (+3).
 b - a +0 triple crossbow
 E - a +2 quarterstaff of chaos
Missiles
 M - 202 bolts
 T - 151 stones (quivered)
Armour
 f - a +1 robe of positive energy
 k - a +2 cloak of poison resistance (worn)
 u - a +0 pair of gloves (worn)
 Q - a +0 chain mail of fire resistance
 R - a +1 robe of fire resistance (worn)
Jewellery
 l - a ring of wizardry (left hand)
 v - an uncursed ring of flight
 B - an uncursed ring of poison resistance
 D - a +5 ring of intelligence (right hand)
Wands
 i - a wand of paralysis (4)
 t - a wand of iceblast (27)
 z - a wand of flame (25)
 J - a wand of digging (6)
 S - a wand of disintegration (27)
 U - a wand of random effects (6)
Scrolls
 c - 2 scrolls of remove curse
 e - a scroll of magic mapping
 p - a scroll of amnesia {unknown}
 s - 2 scrolls of fear {unknown}
 y - a scroll of vulnerability {unknown}
 A - a scroll of fog {unknown}
 I - a scroll of enchant armour {unknown}
 K - a scroll of immolation {unknown}
 N - a scroll of random uselessness {unknown}
 O - a scroll of holy word {unknown}
Potions
 g - 5 potions of berserk rage {unknown}
 h - 4 potions of cancellation {unknown}
 j - a potion of resistance
 m - 2 potions of mutation
 n - a potion of brilliance
 q - 2 potions of agility
 r - a potion of might
 w - 3 potions of flight {unknown}
 x - a potion of invisibility
 C - a potion of ambrosia {unknown}
 G - 4 potions of curing
 L - 3 potions of heal wounds
 P - a potion of experience {unknown}
Comestibles
 d - 18 rations


   Skills:
 + Level 8.7(13.7) Fighting
 - Level 3.1(8.1) Crossbows
 + Level 8.7(13.7) Armour
 - Level 2.0(7.0) Dodging
 - Level 3.0(8.0) Stealth
 - Level 4.0 Spellcasting
 - Level 3.0 Conjurations
 - Level 5.3 Hexes
 - Level 1.1 Transmutations
 * Level 13.6 Earth Magic
 + Level 5.4 Invocations
 - Level 4.0 Evocations


You had 5 spell levels left.
You knew the following spells:

 Your Spells              Type           Power        Failure   Level  Hunger
a - Sandblast             Erth           ######       1%          1    None
b - Passwall              Tmut/Erth      #####...     1%          2    #......
c - Stone Arrow           Conj/Erth      #####.       1%          3    ##.....
d - Lee's Rapid Deconstr  Erth           ######....   1%          5    ######.
e - Confuse               Hex            ####....     1%          3    ##.....

Your spell library contained the following spells:

 Spells                   Type           Power        Failure   Level  Hunger
 Confusing Touch          Hex            ####..       1%          1    None
 Petrify                  Tmut/Erth      #####...     1%          4    ####...
 Beastly Appendage        Tmut           ##....       2%          1    None
 Sticks to Snakes         Tmut           ##......     4%          2    #......
 Spider Form              Tmut/Pois      #.........   10%         3    ##.....
 Gell's Gravitas          Tloc           #.........   12%         3    ##.....
 Yara's Violent Unravell  Hex/Tmut       ###.......   28%         5    ######.
 Ice Form                 Ice/Tmut       #.......     30%         4    ####...
 Metabolic Englaciation   Hex/Ice        ###.......   32%         5    ######.
 Blade Hands              Tmut           ##........   52%         5    ######.


Dungeon Overview and Level Annotations

Branches:
Dungeon (10/15)            Temple (1/1) D:6            Lair (1/6) D:8
    Orc: D:9-12

Altars:
Ashenzari
Cheibriados
Dithmenos
Elyvilon
Fedhas
Gozag
Hepliaklqana
Kikubaaqudgha
Makhleb
Nemelex Xobeh
Okawaru
Qazlal
Ru
Sif Muna
Trog
Uskayaw
Vehumet
Wu Jian
Xom
Yredelemnul
Zin
The Shining One

Shops:
D:4 }

Annotations:
D:7 1 runed door, case's ghost, novice DECj


Innate Abilities, Weirdness & Mutations

You cannot be hasted, slowed, berserked, paralysed or teleported.
You can dig through walls and to a lower floor.
Your four strong arms can wield two-handed weapons with a shield.
You have a pair of large antennae on your head. (SInv)


Message History

* * * LOW HITPOINT WARNING * * *
Casting: Confuse (safe; 1% risk of failure)
Confirm with . or Enter, or press ? or * to list all spells.
Aiming: Sandblast (safe; 1% risk of failure)
Press: ? - help, Shift-Dir - straight line, f - blink frog
Aim: a blink frog The blast of sand hits the blink frog.
The blink frog is heavily wounded.
T - 152 stones The blink frog hits you!
* * * LOW HITPOINT WARNING * * *
Casting: Sandblast (safe; 1% risk of failure)
Confirm with . or Enter, or press ? or * to list all spells.
Aiming: Sandblast (safe; 1% risk of failure)
Press: ? - help, Shift-Dir - straight line, f/p - blink frog
Aim: a blink frog (heavily wounded)
The blast of sand misses the blink frog.
T - 151 stones The blink frog hits you!
You die...

#.# #####.# #.#..#
#######.## ####.....#
#.#..#
.........####........#
#.#..#
.####.....#...P.PP.P.##
#....#
....##...#.....P.P..P.#
###...
.##.......P.PPP.......##
####
.######....P.P.P.P.....#
.######...P.P.####P..PP#
...........P..#.@#...P.##
#######.#.P...'F.#P.....#
#######.#..P.P####.P.P..#
........#P..P.P.P.P.P...#
#######.#..P.....P.P....#
#####
##...##.#.P...P........##
#....
##.#.............P...#.#
##.##P
.....##.#.#.#......###.#
#.....
######....#........###.#
#..)).


You could see a blink frog.

Vanquished Creatures
  Harold (D:7)
  An orc knight (Bailey)
  An ugly thing (D:10)
  Psyche (D:9)
  Maurice (D:10)
  A gargoyle (D:10)
  Prince Ribbit (D:5)
  2 blink frogs (Lair:1)
  10 yaks
  A wyvern (D:9)
  A human (D:7)
  A wraith (D:7)
  A hungry ghost (D:7)
  3 hogs (D:7)
  Menkaure (D:5)
  3 steam dragons
  2 porcupines (D:8)
  2 water moccasins
  15 orc warriors
  2 black bears (D:8)
  An ice beast (D:6)
  2 phantoms
  2 sky beasts
  6 necrophages (D:8)
  9 ogres
  4 centaurs
  3 big kobolds
  A gnoll sergeant (D:9)
  4 bullfrogs
  A wyvern skeleton (D:10)
  3 scorpions
  A water moccasin skeleton (D:4)
  3 killer bees (D:10)
  3 wights (D:8)
  A howler monkey (D:5)
  3 centaur zombies
  2 crimson imps
  3 orc wizards
  A quasit (D:9)
  2 centaur skeletons
  5 jellies
  A gnoll shaman (D:6)
  4 orc priests
  6 hounds
  Crazy Yiuf (D:5)
  2 bullfrog skeletons
  4 iguanas
  9 worker ants
  2 killer bee zombies
  A hound skeleton (D:6)
  A howler monkey zombie (D:9)
  4 mummies (D:8)
  13 adders
  11 gnolls
  A shadow imp (D:6)
  An ooze (D:2)
  2 adder zombies
  2 adder skeletons
  4 worms
  2 dart slugs
  7 leopard geckos
  37 orcs
  15 bats
  4 giant cockroaches
  9 goblins
  8 hobgoblins
  13 jackals
  4 quokkas
  7 ball pythons
  2 frilled lizards
  25 kobolds
  2 leopard gecko skeletons
  A quokka skeleton (D:8)
  2 quokka zombies
  8 rats
  A withered plant (D:8)
327 creatures vanquished.

Vanquished Creatures (others)
  2 fungi (D:8)
2 creatures vanquished.

Grand Total: 329 creatures vanquished

Notes
Turn   | Place    | Note
-------+----------+-------------------------------------------
     0 | D:1      | zishaf the Formicid Earth Elementalist began the quest for
                  | the Orb.
     0 | D:1      | Reached XP level 1. HP: 13/13 MP: 3/3
    53 | D:1      | Reached XP level 2. HP: 14/20 MP: 0/5
   129 | D:1      | Reached skill level 4 in Earth Magic
   150 | D:1      | Learned a level 2 spell: Passwall
   498 | D:1      | Reached XP level 3. HP: 19/25 MP: 6/6
   598 | D:1      | Reached skill level 1 in Fighting
   960 | D:2      | Learned a level 3 spell: Stone Arrow
  1201 | D:2      | Reached XP level 4. HP: 31/32 MP: 7/7
  1348 | D:1      | Reached skill level 1 in Armour
  1624 | D:2      | Reached XP level 5. HP: 35/38 MP: 8/8
  1730 | D:2      | Reached skill level 1 in Conjurations
  1730 | D:2      | Reached skill level 5 in Earth Magic
  2995 | D:3      | Found a hide-covered altar of Uskayaw.
  3042 | D:4      | Found a glowing drain.
  3274 | D:4      | Reached XP level 6. HP: 25/44 MP: 5/9
  3341 | Sewer    | Entered a sewer
  4332 | D:4      | Found Caifoude's Gadget Emporium.
  4476 | D:4      | Found an opulent altar of Gozag.
  4498 | D:4      | Reached skill level 6 in Earth Magic
  4815 | D:5      | Entered Level 5 of the Dungeon
  4885 | D:5      | Reached XP level 7. HP: 33/51 MP: 5/10
  4886 | D:5      | Noticed Prince Ribbit
  5243 | D:5      | Killed Prince Ribbit
  5265 | D:5      | Learned a level 5 spell: Lee's Rapid Deconstruction
  5316 | D:5      | HP: 2/52 [poisoned by a worker ant]
  5324 | D:5      | HP: 1/52 [poisoned by a worker ant]
  5332 | D:5      | HP: 1/52 [poisoned by a worker ant]
  5749 | D:5      | Noticed Menkaure
  5765 | D:5      | Reached skill level 7 in Earth Magic
  5768 | D:5      | Killed Menkaure
  5768 | D:5      | Reached XP level 8. HP: 17/59 MP: 0/13
  6297 | D:5      | Found a burning altar of Makhleb.
  6589 | D:5      | Reached skill level 8 in Earth Magic
  6850 | D:5      | Learned a level 3 spell: Confuse
  7053 | D:5      | Reached skill level 1 in Hexes
  7212 | D:5      | Reached XP level 9. HP: 66/66 MP: 0/15
  7327 | D:5      | Found a runed door.
  7331 | D:5      | Noticed Crazy Yiuf
  7334 | D:5      | Killed Crazy Yiuf
  7829 | D:6      | Reached skill level 9 in Earth Magic
  7847 | D:6      | Reached skill level 5 in Fighting
  8019 | D:6      | Found a staircase to the Ecumenical Temple.
  8020 | D:6      | Reached skill level 5 in Armour
  8037 | Temple   | Entered the Ecumenical Temple
  8348 | Temple   | Became a worshipper of Warmaster Okawaru
  8477 | D:6      | Got a translucent flail
  8478 | D:6      | Identified the +6 flail of Mandamus {drain, Str+3} (You
                  | found it on level 6 of the Dungeon)
  8661 | D:6      | Found a hazy altar of Hepliaklqana.
  8987 | D:7      | Noticed Harold
  9181 | D:7      | Reached * piety under Okawaru
  9181 | D:7      | Reached skill level 10 in Earth Magic
  9185 | D:7      | Reached XP level 10. HP: 76/76 MP: 0/16
  9483 | D:7      | Found a runed door.
  9488 | D:7      | Noticed case's ghost (novice DECj)
  9506 | D:7      | Killed Harold
  9506 | D:7      | Reached ** piety under Okawaru
  9506 | D:7      | Reached skill level 5 in Hexes
  9506 | D:7      | Reached skill level 11 in Earth Magic
  9846 | D:7      | Found a sacrificial altar of Ru.
  9850 | D:7      | Found a white marble altar of Elyvilon.
 10061 | D:7      | Found a shadowy altar of Dithmenos.
 10879 | D:8      | Reached skill level 1 in Invocations
 10953 | D:8      | Reached skill level 1 in Evocations
 11565 | D:8      | Reached XP level 11. HP: 84/84 MP: 17/17
 11579 | D:8      | Reached skill level 12 in Earth Magic
 11733 | D:8      | Reached *** piety under Okawaru
 11889 | D:8      | Found a staircase to the Lair.
 12442 | D:9      | Noticed Psyche
 12445 | D:9      | Killed Psyche
 12724 | D:9      | Found an ornate altar of the Wu Jian Council.
 12833 | D:9      | Found a shimmering altar of Xom.
 13158 | D:9      | Found a glowing golden altar of the Shining One.
 13572 | D:10     | Entered Level 10 of the Dungeon
 13572 | D:10     | Noticed a brown ugly thing
 13677 | D:10     | Found a flagged portal.
 13746 | Bailey   | Entered a bailey
 13751 | Bailey   | Reached **** piety under Okawaru
 13751 | Bailey   | Reached skill level 1 in Crossbows
 15087 | Bailey   | Noticed an orc knight
 15093 | Bailey   | Killed an orc knight
 15105 | Bailey   | Got a steaming robe
 15120 | Bailey   | Identified the +2 robe of Simoorytz {+Blink rPois MR-
                  | rCorr} (You found it in a bailey)
 15215 | D:10     | Noticed Maurice
 15221 | D:10     | Killed Maurice
 15362 | D:10     | Reached skill level 13 in Earth Magic
 15371 | D:10     | Reached ***** piety under Okawaru
 15371 | D:10     | Received a gift from Okawaru
 15574 | D:10     | Reached XP level 12. HP: 52/90 MP: 2/18
 15842 | D:10     | Reached skill level 5 in Invocations
 16586 | Lair:1   | Entered Level 1 of the Lair of Beasts
 16605 | D:8      | Slain by a blink frog

Vault maps used:
D:1:      dpeg_arrival_court
D:2:      minmay_diced_spiral
D:3:      lemuel_coloured_pillars_altar, minmay_misc_feat_room
D:4:      nicolae_gozag_cash_rules_everything_around_me,
          cheibrodos_sewer_entry_drain, serial_shops, nicolae_shop_crystal
D:5:      overflow_temple_1_default, first_ration, grunt_decor_one_mirror,
          minmay_bent, uniq_menkaure, uniq_prince_ribbit1,
          uniq_crazy_yiuf_cottage
D:6:      old_standard_altar, minmay_temple_entry_proselytizer
D:7:      nicolae_dithmenos_through_a_glass_darkly, minitemple,
          ebering_ghost_reflecting_pool, grunt_livestock, uniq_harold
D:8:      grunt_lair_entry_orc_guard_hut, serial_undead, serial_undead_f,
          serial_undead_e, serial_undead_c, serial_undead_c, serial_undead_b,
          serial_undead_f, serial_undead_e, serial_undead_d
D:9:      marbit_many_paths, tso_altar, xom_butterflies, uniq_psyche
D:10:     enter_bailey_7, uniq_maurice
Temple:   hc_temple_tempest_star
Lair:1:   minivault_23, pond, infiniplex_staircase_pool, grunt_megastairs_4
Sewer:    sewer_fruit_machine
Bailey:   bailey_polearm_2, bailey

Skill      XL: |  1  2  3  4  5  6  7  8  9 10 11 12 |
---------------+-------------------------------------+-----
Earth Magic    | 4 5 6 7 8 10 11 13 | 13.6
Dodging        | 2 |  2.0
Fighting       | 1 2 3 4 5 7 8 |  8.7
Stealth        | 3 |  3.0
Armour         | 1 2 3 4 5 7 8 |  8.7
Conjurations   | 1 2 3 |  3.0
Spellcasting   | 3 4 |  4.0
Hexes          | 1 4 5 |  5.3
Invocations    | 2 4 5 |  5.4
Evocations     | 1 4 |  4.0
Crossbows      | 2 3 |  3.1
Transmutations | |  1.1

Action                   |  1- 3 |  4- 6 |  7- 9 | 10-12 || total
-------------------------+-------+-------+-------+-------++-------
Melee: Mace              |    75 |    18 |       |       ||    93
       Halberd           |       |   191 |    82 |       ||   273
       Quarterstaff      |       |       |    35 |       ||    35
       Flail             |       |       |    19 |   177 ||   196
 Fire: Triple crossbow   |       |       |       |    28 ||    28
Throw: Stone             |     1 |       |       |       ||     1
 Cast: Sandblast         |    23 |    47 |    57 |    99 ||   226
       Passwall          |     1 |     1 |     3 |       ||     5
       Lee's Rapid Decon |       |       |    25 |    57 ||    82
       Stone Arrow       |       |       |       |     5 ||     5
       Confuse           |       |       |       |    13 ||    13
Invok: Heroism           |       |       |       |     1 ||     1
       Finesse           |       |       |       |     1 ||     1
  Use: Scroll            |       |     8 |     1 |     7 ||    16
       Potion            |       |       |       |     3 ||     3
 Stab: Sleeping          |     2 |       |     4 |     8 ||    14
  Eat: Chunk             |     1 |     7 |    18 |    28 ||    54
       Ration            |       |     2 |     1 |     4 ||     7
Armor: Robe              |     7 |    63 |    37 |    65 ||   172
       Leather armour    |    24 |       |       |       ||    24
       Ring mail         |     1 |    39 |       |       ||    40
Dodge: Dodged            |    74 |   196 |   106 |   197 ||   573

Table legend:
 A = Non-vault XP
 B = Vault XP
 C = Vault XP percentage of total XP
 D = Non-vault monster count
 E = Vault monster count
 F = Vault count percentage of total count
                 A         B        C        D         E       F
            +---------+---------+-------+---------+---------+-------
      Total |   10286 |    7855 |  43.3 |     233 |      93 |  28.5
            +---------+---------+-------+---------+---------+-------
        D:1 |      47 |       0 |   0.0 |      22 |       0 |   0.0
        D:2 |     119 |      15 |  11.2 |      31 |       2 |   6.1
        D:3 |      34 |       2 |   5.6 |       7 |       1 |  12.5
        D:4 |     190 |       6 |   3.1 |      11 |       2 |  15.4
        D:5 |     730 |     936 |  56.2 |      22 |      11 |  33.3
        D:6 |     674 |      44 |   6.1 |      27 |       1 |   3.6
        D:7 |    1001 |    2023 |  66.9 |      18 |       6 |  25.0
        D:8 |    1495 |    1556 |  51.0 |      37 |      19 |  33.9
        D:9 |    1278 |     554 |  30.2 |      22 |       2 |   8.3
       D:10 |    4205 |     441 |   9.5 |      34 |       5 |  12.8
     Lair:1 |     513 |       0 |   0.0 |       2 |       0 |   0.0
      Sewer |       0 |      42 | 100.0 |       0 |      18 | 100.0
     Bailey |       0 |    2236 | 100.0 |       0 |      26 | 100.0
            +---------+---------+-------+---------+---------+-------
